[Event "Titled Tuesday Blitz November 15 Late 2022"]
[White "Sokolovsky, Yahli"]
[Black "Gonzalez, Francisco Silva"]
[WhiteFideId "2820242"]
[BlackFideId "1512285"]
[WhiteElo "2316"]
[BlackElo "2159"]
[Result "1-0"]
[Round "03"]
[TimeControl "180+1"]
[Date "2022.11.16"]
[WhiteClock "0:01:28"]
[BlackClock "0:01:37"]

1. b3 a5 2. Bb2 a4 3. b4 Nf6 4. a3 c6 5. Nf3 Qb6 6. Bd4 Qc7 7. e3 d6 8. c4 e5 9. Bb2 Qb6 10. Nc3 Qa7 11. Bd3 Bg4 12. O-O Nbd7 13. Bc2 d5 14. cxd5 cxd5 15. h3 Bxf3 16. Qxf3 Nb6 17. Nb5 Qb8 18. Qg3 Nc4 19. Bc3 Nh5 20. Qg5 Nf6 21. d3 h6 22. Qg3 Nd6 23. Bxe5 Nf5 24. Bxb8 Nxg3 25. Bxg3 Kd7 26. Rfc1 Nh5 27. Bh2 f5 28. Bd1 Nf6 29. Rc7+ Ke6 30. Rac1 f4 31. Nd4+ 1-0


[Site "https://www.chess.com"]

[Event "Titled Tuesday Blitz November 15 Late 2022"]
[White "Sreyas Payyappat"]
[Black "Garcia Pantoja, Roberto"]
[WhiteFideId "46674969"]
[BlackFideId "3509265"]
[WhiteElo "2083"]
[BlackElo "2524"]
[Result "0-1"]
[Round "03"]
[TimeControl "180+1"]
[Date "2022.11.16"]
[WhiteClock "0:00:08"]
[BlackClock "0:00:28"]

1. e4 c5 2. Nf3 d6 3. d4 cxd4 4. Nxd4 Nf6 5. Nc3 a6 6. f4 e5 7. Nf3 Nbd7 8. f5 b5 9. Bg5 Bb7 10. g4 Rc8 11. Bg2 Qb6 12. Bxf6 Nxf6 13. Nd2 Qe3+ 14. Qe2 Nxg4 15. Bf3 Rxc3 16. bxc3 Qxc3 17. O-O Nf6 18. Rab1 Bc6 19. a4 Qc5+ 20. Kh1 Be7 21. Nb3 Qc3 22. Qg2 O-O 23. Rg1 g6 24. axb5 axb5 25. Ra1 Ra8 26. Rxa8+ Bxa8 27. Ra1 Bc6 28. Ra7 Nxe4 29. Ra1 Nf2+ 30. Qxf2 Bxf3+ 31. Kg1 Bg5 32. Re1 Kg7 33. h4 Bf4 34. Kf1 gxf5 35. Kg1 Kf6 36. Kf1 Bd5 37. Rd1 Qh3+ 38. Ke2 Bc4+ 39. Rd3 Qg4+ 40. Ke1 Bxd3 41. cxd3 Bg3 0-1


[Site "https://www.chess.com"]

[Event "Titled Tuesday Blitz November 15 Late 2022"]
[White "Stanisz, Patryk"]
[Black "Pein, Jonathan"]
[WhiteFideId "1123106"]
[BlackFideId "417092"]
[WhiteElo "2069"]
[BlackElo "2227"]
[Result "0-1"]
[Round "03"]
[TimeControl "180+1"]
[Date "2022.11.16"]
[WhiteClock "0:00:11"]
[BlackClock "0:02:12"]

1. d4 e6 2. Nf3 f5 3. c4 Nf6 4. g3 b6 5. Bg2 Bb7 6. O-O g6 7. b3 Bg7 8. Bb2 O-O 9. Nbd2 d6 10. Re1 Nbd7 11. Rc1 Qe7 12. e3 h6 13. h3 a5 14. Qc2 g5 15. Qd3 Rae8 16. a3 Ne4 17. Qb1 Nxd2 18. Nxd2 Bxg2 19. Kxg2 f4 20. g4 f3+ 21. Kg1 e5 22. d5 e4 23. Bxg7 Kxg7 24. Qb2+ Kg8 25. b4 axb4 26. axb4 Ne5 27. Rc3 Nxg4 28. hxg4 Qd7 29. Nf1 Qxg4+ 30. Ng3 Qh3 0-1


[Site "https://www.chess.com"]

[Event "Titled Tuesday Blitz November 15 Late 2022"]
[White "Storey, Charles H"]
[Black "Jarmula, Lukasz"]
[WhiteFideId "406686"]
[BlackFideId "1160664"]
[WhiteElo "2252"]
[BlackElo "2357"]
[Result "1/2-1/2"]
[Round "03"]
[TimeControl "180+1"]
[Date "2022.11.16"]
[WhiteClock "0:00:17"]
[BlackClock "0:00:22"]

1. c4 e5 2. g3 Nf6 3. Bg2 Bc5 4. a3 a5 5. Nc3 c6 6. e3 Bb6 7. d4 exd4 8. exd4 d5 9. cxd5 cxd5 10. Nge2 Nc6 11. Bg5 Be6 12. Qb3 Bxd4 13. Qxb7 Rc8 14. Nxd4 Nxd4 15. O-O O-O 16. Rad1 Rb8 17. Qa7 Nc6 18. Qc5 Qb6 19. Qxb6 Rxb6 20. Bxf6 gxf6 21. Nxd5 Bxd5 22. Bxd5 a4 23. Bxc6 Rxc6 24. Rd4 Rb8 25. Rxa4 Rxb2 26. Rf4 Ra2 27. a4 Ra6 28. Rc1 R2xa4 29. Rxa4 Rxa4 30. Rc6 Kg7 31. Kg2 Ra3 32. h4 Ra4 33. f3 Ra3 34. g4 h6 35. Kg3 Ra4 36. h5 Rb4 37. Rc5 Ra4 38. Rc3 Rb4 39. Ra3 Rc4 40. Ra7 Rb4 41. Rd7 Rc4 42. Rd2 Rb4 43. Rf2 Rc4 44. Rg2 Rb4 45. Rf2 f5 46. Rc2 fxg4 47. fxg4 Ra4 48. Rc5 Rb4 49. Kh4 Ra4 50. Rf5 Rb4 51. Rf1 Ra4 52. Kg3 Rb4 53. Rf3 Ra4 54. Kh4 Rb4 55. Kg3 Ra4 56. Kh4 Ra1 57. Rf5 Ra4 58. Kg3 Rb4 59. Rc5 Ra4 60. Rf5 Rb4 61. Rf3 1/2-1/2


[Site "https://www.chess.com"]

[Event "Titled Tuesday Blitz November 15 Late 2022"]
[White "Suleymanli, Suleyman"]
[Black "Rasulov, Vugar"]
[WhiteFideId "13416375"]
[BlackFideId "13402390"]
[WhiteElo "2204"]
[BlackElo "2509"]
[Result "0-1"]
[Round "03"]
[TimeControl "180+1"]
[Date "2022.11.15"]
[WhiteClock "0:01:36"]
[BlackClock "0:01:30"]

1. Nf3 d5 2. d4 Nf6 3. g3 g6 4. Bg2 Bg7 5. O-O O-O 6. c4 c6 7. cxd5 cxd5 8. Nc3 Ne4 9. Nd2 Nxc3 10. bxc3 Nc6 11. Qb3 e5 12. e3 Be6 13. Qxb7 Rc8 14. Ba3 Re8 15. Bc5 h5 16. Rab1 h4 17. Nf3 h3 18. Bh1 Bf5 19. Rbd1 Bg4 20. Rb1 e4 21. Nd2 Be2 22. Rfe1 Bd3 23. Rb2 Rb8 24. Qxc6 Rxb2 25. Nb3 Re6 26. Qb7 Qf6 27. Qb8+ Kh7 28. Qf4 g5 29. Qxf6 Rxf6 30. Nc1 Bc4 31. Ba3 Rc2 32. Be7 Rfxf2 33. Bxg5 Rxh2 34. Nb3 Rhf2 0-1


[Site "https://www.chess.com"]

[Event "Titled Tuesday Blitz November 15 Late 2022"]
[White "Svane, Rasmus"]
[Black "Beerdsen, Thomas"]
[WhiteFideId "4657101"]
[BlackFideId "1030108"]
[WhiteElo "2674"]
[BlackElo "2567"]
[Result "1-0"]
[Round "03"]
[TimeControl "180+1"]
[Date "2022.11.15"]
[WhiteClock "0:00:49"]
[BlackClock "0:01:00"]

1. Nf3 b5 2. g3 Bb7 3. Bg2 g5 4. h3 Bg7 5. d3 h6 6. e4 c5 7. a4 bxa4 8. O-O Nc6 9. Nc3 d6 10. Rxa4 e6 11. Be3 Nge7 12. d4 cxd4 13. Nxd4 O-O 14. Qd2 Ng6 15. Ndb5 d5 16. exd5 exd5 17. Nxd5 Nce5 18. Bc5 Re8 19. Nd6 Bc6 20. Nxe8 Qxe8 21. Ra6 Rd8 22. Re1 Qe6 23. Rxc6 Qxc6 24. Ne7+ Kh7 25. Qxd8 1-0


[Site "https://www.chess.com"]

[Event "Titled Tuesday Blitz November 15 Late 2022"]
[White "Szente Varga, Fruzsina"]
[Black "Zhurbinsky, David"]
[WhiteFideId "712264"]
[BlackFideId "2072904"]
[WhiteElo "1994"]
[BlackElo "2569"]
[Result "1-0"]
[Round "03"]
[TimeControl "180+1"]
[Date "2022.11.16"]
[WhiteClock "0:00:19"]
[BlackClock "0:00:12"]

1. e4 e5 2. Nf3 Nc6 3. Bb5 a6 4. Ba4 Nf6 5. Qe2 b5 6. Bb3 Be7 7. O-O O-O 8. c3 Re8 9. Rd1 d6 10. h3 Na5 11. Bc2 c5 12. d3 Bb7 13. Nbd2 Bf8 14. a4 g6 15. axb5 axb5 16. Nf1 Bg7 17. Be3 c4 18. Ng3 Qc7 19. Ra3 d5 20. exd5 cxd3 21. Qxd3 e4 22. Qxb5 exf3 23. Bb6 Qf4 24. Bxa5 fxg2 25. Qxb7 Rab8 26. Bc7 Qh4 27. Bxb8 Qxh3 28. d6 Ng4 29. Qxg2 Qh6 30. d7 Rf8 31. d8=Q Bf6 32. Qxf8+ Kxf8 33. Ra8 Kg7 34. Bd6 Bd8 35. Rxd8 Qh4 36. Bf8+ Kf6 37. R1d6+ Kg5 38. Be7+ f6 39. Rd5+ Kh6 40. Bf8# 1-0


[Site "https://www.chess.com"]

[Event "Titled Tuesday Blitz November 15 Late 2022"]
[White "Tan, Zhongyi"]
[Black "Shimanov, Aleksandr"]
[WhiteFideId "8603642"]
[BlackFideId "4198603"]
[WhiteElo "2510"]
[BlackElo "2605"]
[Result "0-1"]
[Round "03"]
[TimeControl "180+1"]
[Date "2022.11.15"]
[WhiteClock "0:00:09"]
[BlackClock "0:02:15"]

1. d4 Nf6 2. c4 e6 3. Nc3 d5 4. cxd5 exd5 5. Bg5 c6 6. e3 h6 7. Bh4 Bf5 8. Qf3 Be6 9. Bxf6 Qxf6 10. Qxf6 gxf6 11. Bd3 a5 12. Nge2 a4 13. a3 Nd7 14. Nf4 Bd6 15. Nce2 Rc8 16. Rc1 Ke7 17. Kd2 b5 18. Nh5 Nb6 19. Neg3 Nc4+ 20. Kc2 Rhg8 21. Nf5+ Bxf5 22. Bxf5 Rb8 23. g4 b4 24. axb4 Rxb4 25. Rb1 Rgb8 26. e4 Rxb2+ 27. Rxb2 Rxb2+ 28. Kd3 Bb4 29. Rd1 Rxf2 0-1


[Site "https://www.chess.com"]

[Event "Titled Tuesday Blitz November 15 Late 2022"]
[White "Taspinar, Yanki"]
[Black "Pultinevicius, Paulius"]
[WhiteFideId "34561188"]
[BlackFideId "12809390"]
[WhiteElo "2225"]
[BlackElo "2493"]
[Result "0-1"]
[Round "03"]
[TimeControl "180+1"]
[Date "2022.11.15"]
[WhiteClock "0:00:55"]
[BlackClock "0:01:48"]

1. c4 g6 2. d4 Bg7 3. Nf3 d6 4. b3 c5 5. Bb2 Nc6 6. g3 cxd4 7. Nxd4 Nxd4 8. Bxd4 Qa5+ 9. Nc3 Qxc3+ 10. Bxc3 Bxc3+ 11. Qd2 Bxd2+ 12. Kxd2 Nf6 13. Bg2 Kd8 14. Kc3 Kc7 15. e4 Bd7 16. f4 Bc6 17. Rhe1 a5 18. a3 h5 19. h3 Rhg8 20. h4 b6 21. Kd4 Nd7 22. Kc3 e5 23. Rad1 Rae8 24. Re2 f5 25. Red2 Re6 26. fxe5 Nxe5 27. b4 fxe4 28. Bh3 Rf6 29. b5 Bd7 30. Bg2 e3 31. Rd4 e2 32. Re1 Bg4 33. c5 bxc5 34. b6+ Kxb6 35. Rb1+ Kc7 36. Ra4 Rb8 37. Re1 Rf2 38. Bd5 Bf3 39. Ba2 Bc6 40. Rxa5 Nf3 41. Ra7+ Rb7 42. Rxb7+ Bxb7 0-1


[Site "https://www.chess.com"]

[Event "Titled Tuesday Blitz November 15 Late 2022"]
[White "Timmermans, Mark"]
[Black "Kujawski, Adam"]
[WhiteFideId "1026399"]
[BlackFideId "1100920"]
[WhiteElo "2460"]
[BlackElo "2053"]
[Result "1-0"]
[Round "03"]
[TimeControl "180+1"]
[Date "2022.11.16"]
[WhiteClock "0:02:01"]
[BlackClock "0:00:06"]

1. b4 e5 2. Bb2 Bxb4 3. Bxe5 Nf6 4. Nc3 O-O 5. Bxf6 Qxf6 6. Nd5 Qd6 7. c4 c6 8. Nxb4 Qxb4 9. e3 d5 10. cxd5 cxd5 11. Nf3 Nc6 12. Rb1 Qa5 13. Bd3 h6 14. O-O d4 15. Be4 dxe3 16. dxe3 Qxa2 17. Bxc6 bxc6 18. Qd6 Qd5 19. Rfd1 Qxd6 20. Rxd6 Bf5 21. Rc1 a5 22. Nd4 Bg6 23. Nxc6 a4 24. f4 a3 25. f5 Bh5 26. Ra1 Kh7 27. Rd3 Rfc8 28. Nd4 a2 29. Rd2 Ra3 30. Kf2 Re8 31. h3 f6 32. Raxa2 Raxe3 33. Ne6 Bf7 34. Kxe3 1-0


[Site "https://www.chess.com"]

[Event "Titled Tuesday Blitz November 15 Late 2022"]
[White "Tomiello, Lucas Costamilan"]
[Black "Yoo, Christopher Woojin"]
[WhiteFideId "22701940"]
[BlackFideId "30909694"]
[WhiteElo "2660"]
[BlackElo "3013"]
[Result "1-0"]
[Round "03"]
[TimeControl "180+1"]
[Date "2022.11.16"]
[WhiteClock "0:00:09"]
[BlackClock "0:00:04"]

1. e4 g6 2. d4 Bg7 3. Nc3 c6 4. Nf3 d5 5. exd5 cxd5 6. h3 Nf6 7. Bd3 Nc6 8. O-O O-O 9. Re1 Nb4 10. Bf1 Bf5 11. Re2 Rc8 12. a3 Nc6 13. Ne5 Ne4 14. Nxc6 Rxc6 15. Nxe4 Bxe4 16. c3 Qc7 17. Bg5 h6 18. Bh4 Re8 19. Qd2 g5 20. Bg3 Qd7 21. Rae1 Rb6 22. f3 Bg6 23. Kh2 a5 24. Re3 h5 25. Bd3 h4 26. Bf2 Bxd3 27. Rxd3 Qf5 28. Rde3 e6 29. Kg1 a4 30. Kf1 Kh7 31. Bg1 Qf4 32. R3e2 Qxd2 33. Rxd2 Kg6 34. Bh2 Rc6 35. Be5 Bf8 36. Kf2 f6 37. Bh2 Kf5 38. Ree2 b5 39. Re3 Rc4 40. Rde2 Rc6 41. Re1 Bd6 42. Bxd6 Rxd6 43. R1e2 e5 44. Re1 e4 45. fxe4+ dxe4 46. Ke2 Kg6 47. Kd2 f5 48. Kc2 Rde6 49. b3 f4 50. R3e2 axb3+ 51. Kxb3 e3 52. c4 bxc4+ 53. Kxc4 Ra6 54. Ra2 Rea8 55. d5 Kf5 56. Kd4 Rxa3 57. Rxa3 Ra4+ 58. Rxa4 1-0


[Site "https://www.chess.com"]

[Event "Titled Tuesday Blitz November 15 Late 2022"]
[White "Toncheva, Nadya"]
[Black "Zhou, Qiyu"]
[WhiteFideId "2924056"]
[BlackFideId "505161"]
[WhiteElo "2101"]
[BlackElo "2101"]
[Result "1/2-1/2"]
[Round "03"]
[TimeControl "180+1"]
[Date "2022.11.16"]
[WhiteClock "0:00:05"]
[BlackClock "0:00:15"]

1. d4 g6 2. c4 d6 3. Nc3 Bg7 4. e4 e6 5. Be3 b6 6. Bd3 Bb7 7. Nge2 Ne7 8. f3 O-O 9. Qd2 Nd7 10. h4 f5 11. h5 e5 12. O-O-O f4 13. Bf2 g5 14. h6 Bf6 15. d5 Nc5 16. Bc2 a5 17. g3 Ng6 18. Kb1 Ba6 19. b3 Nd7 20. gxf4 gxf4 21. Rdg1 Kf7 22. Nc1 Rg8 23. Nd3 Qb8 24. Be1 b5 25. cxb5 Bxb5 26. Nxb5 Qxb5 27. a4 Qb7 28. Qc3 Rgc8 29. Qc4 Nb6 30. Qc6 Rcb8 31. Ka2 Qxc6 32. dxc6 d5 33. Nc5 Be7 34. Bf2 d4 35. Nd3 Bf6 36. Rh5 Re8 37. Be1 Re6 38. Rf5 Rxc6 39. Kb1 Nd7 40. Nb2 Rc5 41. Nc4 Rb8 42. Ka2 Ra8 43. Bd3 Ke6 44. Nb2 Nb6 45. Bc4+ Nxc4 46. Nxc4 Ke7 47. Bd2 Ke6 48. Rh5 Ke7 49. Rf5 Ke6 50. Rh5 Kf7 51. Rf5 Ke6 1/2-1/2


[Site "https://www.chess.com"]

[Event "Titled Tuesday Blitz November 15 Late 2022"]
[White "Tsydypov, Zhamsaran"]
[Black "Fernandez Guillen, Ernesto J."]
[WhiteFideId "4108566"]
[BlackFideId "3512428"]
[WhiteElo "2591"]
[BlackElo "2450"]
[Result "1/2-1/2"]
[Round "03"]
[TimeControl "180+1"]
[Date "2022.11.15"]
[WhiteClock "0:00:22"]
[BlackClock "0:00:10"]

1. d4 Nf6 2. c4 g6 3. Nc3 d5 4. cxd5 Nxd5 5. e4 Nxc3 6. bxc3 Bg7 7. Nf3 c5 8. Be3 O-O 9. Qd2 Bg4 10. Ne5 Bxe5 11. dxe5 Qa5 12. h3 Rd8 13. Qb2 Be6 14. Be2 Nc6 15. O-O Nxe5 16. Qxb7 Bc4 17. Bxc4 Nxc4 18. Qxe7 Nxe3 19. fxe3 Rf8 20. Rad1 Rae8 21. Qg5 Rxe4 22. Rd5 Qxc3 23. Rxc5 Qxe3+ 24. Qxe3 Rxe3 25. Rc7 Ra3 26. Rf2 f5 27. Rb2 Rf7 28. Rxf7 Kxf7 29. Rb7+ Kg8 30. Rb8+ Kg7 31. Rb7+ Kh6 32. Rb2 Kg5 33. Kh2 h5 34. Rc2 h4 35. Rb2 a5 36. Rc2 Kh5 37. Rf2 Kg5 38. Rc2 Kf6 39. Rc6+ Kg7 40. Rc7+ Kh6 41. Rc2 g5 42. Rc5 Kg6 43. Rc6+ Kf7 44. Rc5 Ke6 45. Rc6+ Ke5 46. Rc5+ Ke4 47. Rc4+ Kd5 48. Rc2 g4 49. hxg4 fxg4 50. Rb2 Ke4 51. Rc2 Kd3 52. Rb2 a4 53. Rb4 g3+ 54. Kh3 Rxa2 55. Rxh4 Kc3 56. Kxg3 Kb3 57. Rh8 Rc2 58. Rb8+ Ka2 59. Kh3 a3 60. g4 Ka1 61. Ra8 a2 62. g5 Rc5 63. Kg4 Rxg5+ 64. Kxg5 Kb2 65. Rxa2+ Kxa2 1/2-1/2


[Site "https://www.chess.com"]

[Event "Titled Tuesday Blitz November 15 Late 2022"]
[White "Urbina Perez, Juan Antonio"]
[Black "Ghazarian, Kirk"]
[WhiteFideId "2217368"]
[BlackFideId "30908604"]
[WhiteElo "2197"]
[BlackElo "2346"]
[Result "0-1"]
[Round "03"]
[TimeControl "180+1"]
[Date "2022.11.16"]
[WhiteClock "0:00:21"]
[BlackClock "0:00:40"]

1. e4 c5 2. Nf3 Nc6 3. Bb5 g6 4. Bxc6 bxc6 5. O-O Bg7 6. Re1 Nh6 7. c3 O-O 8. d4 cxd4 9. cxd4 d5 10. e5 f6 11. h3 g5 12. exf6 exf6 13. Nc3 Nf7 14. Qa4 Bd7 15. Qc2 Nd6 16. Be3 Rb8 17. b3 Bf5 18. Qd2 h5 19. Rac1 Qd7 20. Nh2 Rfe8 21. Na4 Ne4 22. Nc5 Nxd2 23. Nxd7 Bxd7 24. Bxd2 Bf8 25. g4 Ba3 26. Rxe8+ Rxe8 27. Rd1 hxg4 28. hxg4 Re4 29. Be3 Bxg4 30. Nxg4 Rxg4+ 31. Kf1 f5 32. Rd3 f4 33. f3 Rh4 34. Bf2 Rh1+ 35. Kg2 Rc1 36. Kh3 Rc2 37. Bg1 Kf7 38. Rd1 Rxa2 39. Kg4 Kg6 40. Kh3 Rb2 41. Re1 Kf5 42. Re5+ Kf6 43. Re8 Rxb3 44. Kg4 Rb1 45. Rf8+ Ke7 46. Ra8 Rxg1+ 47. Kf5 Kd6 48. Rxa7 Bb2 0-1


[Site "https://www.chess.com"]

[Event "Titled Tuesday Blitz November 15 Late 2022"]
[White "Vega Gutierrez, Sabrina"]
[Black "Mgeladze, Tamaz"]
[WhiteFideId "2219026"]
[BlackFideId "13601202"]
[WhiteElo "2261"]
[BlackElo "2288"]
[Result "0-1"]
[Round "03"]
[TimeControl "180+1"]
[Date "2022.11.16"]
[WhiteClock "0:00:01"]
[BlackClock "0:00:26"]

1. d4 Nf6 2. Nf3 g6 3. c4 Bg7 4. g3 O-O 5. Bg2 d6 6. O-O Nc6 7. Nc3 Rb8 8. h3 a6 9. e4 Na5 10. Qe2 c5 11. Rd1 cxd4 12. Nxd4 Qc7 13. b3 Bd7 14. Bg5 b5 15. Rac1 bxc4 16. Bxf6 Bxf6 17. Nd5 Qa7 18. Nxf6+ exf6 19. bxc4 Rfc8 20. Bf1 Kg7 21. Qe3 Qc5 22. Rc2 Nc6 23. Nb3 Qxe3 24. fxe3 Ne5 25. Rxd6 Ba4 26. Rxa6 Bxb3 27. axb3 Rxb3 28. Kf2 Rc5 29. Rd6 h5 30. Rd5 Rc7 31. c5 Rb4 32. Rd4 Rb1 33. Rd6 Ra1 34. c6 Rb1 35. Ba6 Rb6 36. Be2 Rcxc6 37. Rcxc6 Rxc6 38. Rxc6 Nxc6 39. g4 h4 40. Bc4 Ne5 41. Bd5 Kf8 42. Ke2 Ke7 43. Kf2 Kd6 44. Ke2 Kc5 45. Kf2 Kb4 46. Ke2 Kc3 47. Ba8 g5 48. Bd5 Kc2 49. Ba8 Kc3 50. Bd5 Kb4 51. Ba2 Ka3 52. Bd5 Kb2 53. Ba8 Kc2 54. Bd5 Kc1 55. Ba2 Kb2 56. Bd5 Kc3 57. Ba2 Nd7 58. Bxf7 Nc5 59. Bd5 Kc2 60. Bc4 Na4 61. Bd5 Nc3+ 62. Kf3 Kd2 63. Bc6 Kd3 64. Bb7 Kd2 65. Ba6 Nd1 66. e5 fxe5 67. Ke4 Nf2+ 68. Kxe5 Nxh3 69. Kf5 Kxe3 70. Bf1 Ng1 71. Kxg5 Nf3+ 72. Kh5 Kf2 73. Bh3 Kg3 74. g5 Nxg5 75. Bc8 Nf7 76. Be6 Ne5 77. Kg5 Nd3 78. Bd7 Nf4 79. Bf5 Nh3+ 0-1


[Site "https://www.chess.com"]

[Event "Titled Tuesday Blitz November 15 Late 2022"]
[White "Vinuela Diaz, Saul"]
[Black "Torres Dominguez, David"]
[WhiteFideId "2239639"]
[BlackFideId "2220857"]
[WhiteElo "2204"]
[BlackElo "2037"]
[Result "1-0"]
[Round "03"]
[TimeControl "180+1"]
[Date "2022.11.16"]
[WhiteClock "0:00:09"]
[BlackClock "0:00:01"]

1. d4 Nf6 2. Bf4 d5 3. e3 e6 4. Nd2 Bd6 5. Ngf3 c5 6. c3 Qc7 7. Bg3 Nbd7 8. Bd3 O-O 9. O-O Bxg3 10. hxg3 e5 11. dxe5 Nxe5 12. Nxe5 Qxe5 13. Qf3 Bg4 14. Qf4 Rfe8 15. Nf3 Qxf4 16. gxf4 Rad8 17. Ne5 Bc8 18. Rad1 g6 19. Bc2 Kg7 20. Ba4 Re6 21. Rd2 a6 22. Rfd1 b5 23. Bb3 c4 24. Bc2 Bb7 25. f3 Rde8 26. Kf2 Nh5 27. g4 Nf6 28. Rh1 Ng8 29. g5 f6 30. gxf6+ Nxf6 31. Rdd1 R8e7 32. Rdg1 Bc8 33. Bxg6 Rxe5 34. Bc2+ Kf7 35. fxe5 Rxe5 36. Bxh7 Bf5 37. Bxf5 Rxf5 38. Ke2 Re5 39. Rh4 a5 40. Rf4 b4 41. Kd2 bxc3+ 42. bxc3 Re6 43. Rg5 Rb6 44. Kc2 Ke6 45. Rg6 Ke5 46. Rg5+ Ke6 47. Rgf5 Ke7 48. Re5+ 1-0


[Site "https://www.chess.com"]

[Event "Titled Tuesday Blitz November 15 Late 2022"]
[White "Vlassov, Nikolai"]
[Black "Osmak, Yuliia"]
[WhiteFideId "4103360"]
[BlackFideId "14101602"]
[WhiteElo "2324"]
[BlackElo "2328"]
[Result "1-0"]
[Round "03"]
[TimeControl "180+1"]
[Date "2022.11.16"]
[WhiteClock "0:01:36"]
[BlackClock "0:00:15"]

1. e4 c5 2. c3 b6 3. d4 Bb7 4. Bd3 cxd4 5. cxd4 Nc6 6. Be3 Nb4 7. Nc3 Nxd3+ 8. Qxd3 Nf6 9. Nge2 e6 10. O-O Be7 11. d5 d6 12. dxe6 fxe6 13. Nd4 Qd7 14. Rad1 O-O 15. h3 Rac8 16. Ndb5 Rfd8 17. Nxa7 Bxe4 18. Nxe4 Qxa7 19. Ng5 Qxa2 20. b3 e5 21. Bxb6 Rd7 22. Rc1 Rb8 23. Qc4+ d5 24. Qc6 h6 25. Qe6+ Kh8 26. Nf7+ Kh7 27. Nxe5 Rd6 28. Qf5+ Kg8 29. Bc7 Re8 30. Bxd6 Bxd6 31. Nd7 Qxb3 32. Nxf6+ gxf6 33. Qg6+ Kf8 34. Qxf6+ 1-0


[Site "https://www.chess.com"]

[Event "Titled Tuesday Blitz November 15 Late 2022"]
[White "Wadsworth, Matthew J"]
[Black "Gokerkan, Cem Kaan"]
[WhiteFideId "415804"]
[BlackFideId "6336760"]
[WhiteElo "2615"]
[BlackElo "2835"]
[Result "0-1"]
[Round "03"]
[TimeControl "180+1"]
[Date "2022.11.16"]
[WhiteClock "0:00:03"]
[BlackClock "0:00:12"]

1. c4 g6 2. g3 Bg7 3. Bg2 Nf6 4. Nf3 O-O 5. O-O e6 6. d4 d5 7. Nc3 c6 8. b3 Nbd7 9. Ba3 Re8 10. Qc2 dxc4 11. bxc4 e5 12. dxe5 Ng4 13. Rad1 Qa5 14. Bd6 Ndxe5 15. Nxe5 Nxe5 16. Ne4 Be6 17. Nc5 Bxc4 18. Nxb7 Qxa2 19. Qxa2 Bxa2 20. Na5 Rac8 21. Rc1 Bd5 22. e4 Be6 23. Rfd1 Bg4 24. Bxe5 Rxe5 25. f3 Bxf3 26. Rxc6 Bxd1 27. Rxc8+ Bf8 28. Nc6 Rb5 29. e5 Kg7 30. Bf1 Rc5 31. Nxa7 Bg4 32. Rxc5 Bxc5+ 33. Kg2 Bxa7 0-1


[Site "https://www.chess.com"]

[Event "Titled Tuesday Blitz November 15 Late 2022"]
[White "Wieczorek, Oskar"]
[Black "Indjic, Aleksandar"]
[WhiteFideId "1133950"]
[BlackFideId "911925"]
[WhiteElo "2404"]
[BlackElo "2592"]
[Result "0-1"]
[Round "03"]
[TimeControl "180+1"]
[Date "2022.11.15"]
[WhiteClock "0:00:15"]
[BlackClock "0:00:36"]

1. e4 e5 2. Nf3 Nc6 3. Nc3 Nf6 4. h3 Bb4 5. Nd5 O-O 6. Nxb4 Nxb4 7. c3 Nc6 8. d3 d5 9. Qc2 h6 10. Be2 a5 11. O-O Re8 12. Re1 b6 13. Bf1 Ba6 14. a3 Qd7 15. Bd2 dxe4 16. dxe4 Bxf1 17. Rxf1 a4 18. Rfd1 Qe6 19. c4 Na5 20. Qxa4 Nxc4 21. Qc2 c5 22. Bc3 Qc6 23. b3 Qxe4 24. Qc1 Na5 25. Qb2 Nc6 26. Re1 Qd5 27. Nxe5 Nd4 28. Bxd4 cxd4 29. Nd3 Ne4 30. Nb4 Qc5 31. Qe2 Re6 32. Qd3 Rae8 33. Rac1 Nc3 34. Rxe6 Rxe6 35. Na2 Ne2+ 36. Qxe2 Rxe2 0-1


[Site "https://www.chess.com"]

[Event "Titled Tuesday Blitz November 15 Late 2022"]
[White "Winkels, Marcel"]
[Black "Sarkar, Justin"]
[WhiteFideId "1003887"]
[BlackFideId "2010011"]
[WhiteElo "1900"]
[BlackElo "2239"]
[Result "0-1"]
[Round "03"]
[TimeControl "180+1"]
[Date "2022.11.16"]
[WhiteClock "0:00:04"]
[BlackClock "0:00:04"]

1. d4 Nf6 2. Nc3 d5 3. Bf4 c5 4. e3 a6 5. Nf3 Nc6 6. Ne5 Qb6 7. Rb1 cxd4 8. Nxc6 dxc3 9. Nd4 cxb2 10. Bd3 Qa5+ 11. Qd2 Qxd2+ 12. Kxd2 e6 13. Rxb2 Be7 14. h3 O-O 15. Rhb1 Nd7 16. Bg3 Nc5 17. Nb3 Na4 18. Na5 Nxb2 19. Rxb2 b5 20. Nc6 Bf6 21. Rb1 Bd7 22. Ne5 Bxe5 23. Bxe5 f6 24. Bd6 Rfc8 25. a3 Rc6 26. Bb4 e5 27. f3 Rac8 28. Rb2 g6 29. g4 f5 30. e4 dxe4 31. fxe4 fxg4 32. hxg4 Bxg4 33. Rb1 h5 34. Rf1 Kg7 35. c3 Rf6 36. Re1 Rf2+ 37. Ke3 Rf3+ 38. Kd2 Rd8 39. Re3 Rxe3 40. Kxe3 Rd7 41. c4 bxc4 42. Bxc4 h4 43. Bc3 Re7 44. Bd5 h3 45. Kf2 Re8 46. Kg3 Bc8 47. Bb2 Kf6 48. Bc3 Rh8 49. Kh2 g5 50. Be1 g4 51. Bg3 Be6 52. Bc6 Rc8 53. Bb7 Rc2+ 54. Kg1 Rg2+ 55. Kf1 Rxg3 56. Bxa6 h2 57. Kf2 h1=N+ 58. Ke2 Rxa3 59. Bb5 g3 60. Bc6 g2 61. Bd5 g1=Q 0-1


[Site "https://www.chess.com"]

[Event "Titled Tuesday Blitz November 15 Late 2022"]
[White "Winterberg, Lukas"]
[Black "Player, Edmund C"]
[WhiteFideId "24622702"]
[BlackFideId "406520"]
[WhiteElo "2349"]
[BlackElo "2103"]
[Result "1-0"]
[Round "03"]
[TimeControl "180+1"]
[Date "2022.11.16"]
[WhiteClock "0:01:44"]
[BlackClock "0:01:44"]

1. e4 e5 2. Nf3 Nc6 3. d4 exd4 4. Bc4 Nf6 5. e5 d5 6. Bb5 Ne4 7. Nxd4 Bd7 8. Bxc6 bxc6 9. O-O Be7 10. f3 Ng5 11. f4 Ne4 12. Nd2 Nxd2 13. Bxd2 c5 14. Ne2 d4 15. Ng3 O-O 16. f5 Bg5 17. Ne4 Bxd2 18. Qxd2 Qe7 19. Rae1 Qxe5 20. f6 g6 21. Qh6 1-0


[Site "https://www.chess.com"]

[Event "Titled Tuesday Blitz November 15 Late 2022"]
[White "Xiong, Jeffery"]
[Black "Riehle, Marco"]
[WhiteFideId "2047640"]
[BlackFideId "12904392"]
[WhiteElo "2725"]
[BlackElo "2462"]
[Result "1-0"]
[Round "03"]
[TimeControl "180+1"]
[Date "2022.11.15"]
[WhiteClock "0:01:58"]
[BlackClock "0:01:46"]

1. e4 e5 2. Nf3 Nf6 3. Nc3 Nc6 4. d4 exd4 5. Nxd4 Nxe4 6. Nxe4 Qe7 7. Bd3 Nxd4 8. O-O d5 9. Bc4 dxc4 10. Qxd4 Be6 11. Bg5 Qd7 12. Qc3 Be7 13. Rad1 Qc6 14. Qxg7 Rf8 15. Nf6+ Bxf6 16. Qxf6 Qc5 1-0


[Site "https://www.chess.com"]

[Event "Titled Tuesday Blitz November 15 Late 2022"]
[White "Young, Ryan"]
[Black "Poliakova, Varvara"]
[WhiteFideId "2049945"]
[BlackFideId "13518313"]
[WhiteElo "2295"]
[BlackElo "2099"]
[Result "0-1"]
[Round "03"]
[TimeControl "180+1"]
[Date "2022.11.16"]
[WhiteClock "0:00:33"]
[BlackClock "0:02:11"]

1. e4 e5 2. Nf3 Nc6 3. d4 exd4 4. Nxd4 Nf6 5. Nxc6 bxc6 6. e5 Qe7 7. Qe2 Nd5 8. Nd2 g6 9. c4 Nb6 10. Ne4 Bg7 11. Bg5 Qb4+ 12. Kd1 O-O 13. Nf6+ Bxf6 14. Bxf6 Na4 15. Qe3 Nxb2+ 16. Kc2 Nxc4 17. Qh6 Qb2+ 18. Kd3 Nxe5+ 19. Ke4 d5+ 20. Kf4 Qd2+ 0-1


[Site "https://www.chess.com"]